 Dungeon Crawl Stone Soup version 0.30-a0-1112-gfb780f5df6 (webtiles) character file.

Game seed: 17725156442419839621

1601 themarg the Summoner (level 8, -4/52 HPs)
             Began as a Merfolk Summoner on Apr 19, 2023.
             Was an Initiate of Yredelemnul.
             Killed by divine providence
             ... invoked by an orc priest
              (11 damage)
             ... on level 6 of the Dungeon.
             The game lasted 00:24:09 (9408 turns).

themarg the Summoner (Merfolk Summoner)             Turns: 9408, Time: 00:24:09

Health: -4/52      AC:  6    Str:  9    XL:     8   Next: 94%
Magic:  2/11       EV: 13    Int: 16    God:    Yredelemnul [......]
Gold:   35         SH:  0    Dex: 20    Spells: 1/11 levels left

rFire   . . .      SeeInvis +    A - +0 trident
rCold   . . .      Faith    .    (no shield)
rNeg    . . .      Spirit   .    a - +0 robe
rPois   .          Reflect  .    y - +0 helmet
rElec   .          Rampage  .    J - +0 cloak
rCorr   .                        (no gloves)
Will    .....                    l - +1 pair of boots
Stlth   +++                      (no amulet)
HPRegen 0.28/turn                h - +6 ring of dexterity
MPRegen 0.12/turn                z - ring of see invisible

@: no status effects
A: (nimble swimmer 2), mertail
a: Renounce Religion, Recall Undead Harvest


You were on level 6 of the Dungeon.
You worshipped Yredelemnul.
Yredelemnul was noncommittal.
You visited 1 branch of the dungeon, and saw 6 of its levels.
You also visited: Ossuary.

You collected 504 gold pieces.
You spent 469 gold pieces at shops.

Inventory:

Hand Weapons
 n - a +0 short sword
 v - a +1 dagger of pain
 A - a +0 trident (weapon)
 M - the +4 sling of Causality {freeze, +Blink rC- Int+3}
   (You found it on level 5 of the Dungeon)

   Int:       It affects your intelligence (+3).
   rC:        It makes you vulnerable to cold.
   +Blink:    It lets you blink.
Missiles
 c - 91 stones
 D - 2 poisoned darts (quivered)
 P - 5 silver javelins
 Q - 4 javelins
Armour
 a - a +0 robe (worn)
 l - a +1 pair of boots (worn)
 y - a +0 helmet (worn)
 J - a +0 cloak (worn)
Magical Staves
 k - a staff of air
 u - a staff of cold
Jewellery
 h - a +6 ring of dexterity (left hand)
 z - a ring of see invisible (right hand)
 B - a +6 ring of dexterity
Wands
 w - a wand of flame (8)
 E - a wand of digging (2)
Scrolls
 g - 3 scrolls of enchant weapon
 i - 3 scrolls of enchant armour {unknown}
 m - a scroll of fog {unknown}
 q - 3 scrolls of teleportation
 r - 2 scrolls of poison {unknown}
 s - 2 scrolls of silence
 C - 3 scrolls of torment
 F - 3 scrolls of vulnerability {unknown}
 H - a scroll of noise {unknown}
 I - a scroll of butterflies {unknown}
 K - 3 scrolls of magic mapping
 L - a scroll of acquirement {unknown}
 N - a scroll of immolation {unknown}
 O - 2 scrolls of blinking
 S - a scroll of amnesia
Potions
 b - a potion of magic
 d - a potion of degeneration {unknown}
 e - a potion of brilliance {unknown}
 f - 5 potions of haste
 j - 5 potions of curing
 o - a potion of lignification {unknown}
 p - 2 potions of might
 t - 2 potions of ambrosia
 x - a potion of attraction {unknown}
 G - 2 potions of heal wounds
 R - a potion of berserk rage {unknown}


   Skills:
 - Level 2.6 Dodging
 - Level 3.0 Stealth
 - Level 2.0 Spellcasting
 + Level 9.3 Summonings
 - Level 4.0 Air Magic
 - Level 5.0 Invocations


You had one spell level left.
You knew the following spells:

 Your Spells              Type           Power      Damage    Failure   Level
a - Summon Small Mammal   Summ           100%       N/A       1%          1
b - Call Imp              Summ           62%        N/A       1%          2
c - Call Canine Familiar  Summ           31%        N/A       1%          3
d - Summon Lightning Spi  Summ/Air       22%        N/A       14%         4

Your spell library contained the following spells:

 Spells                   Type           Power      Damage    Failure   Level
 Slow                     Hex            4%         N/A       21%         1
 Sting                    Tmut/Pois      4%         1d3       21%         1
 Summon Guardian Golem    Hex/Summ       16%        N/A       10%         3
 Poisonous Vapours        Pois/Air       16%        N/A       14%         2
 Confusing Touch          Hex            1%         N/A       52%         3
 Vampiric Draining        Necr           1%         2d6       52%         3
 Olgreb's Toxic Radiance  Pois           1%         N/A       90%         4


Dungeon Overview and Level Annotations

Branches:
Dungeon (6/15)            Ossuary (visited)
 Temple: D:4-7

Altars:
Hepliaklqana
Yredelemnul

Shops:
D:4 [   D:5 ?=[*

Annotations:
D:1 1 transporter


Innate Abilities, Weirdness & Mutations

((You are very nimble when in or above water. (Stealth+, EV+, Speed+++)))
Your lower body shifts to a powerful aquatic tail in water.


Message History

You swap places.
Your hound barely misses the black bear.
The black bear bites your hound. The black bear misses your hound.
The black bear barely misses your hound.
The orc wizard hits you with a +0 dagger.
Your hound bites the black bear.
Reach: A) +0 trident
Press: ? - help, Dir - move target, f - black bear
Aim: a black bear (severely wounded, ally target, about 32% to evade your +0 trident)
You reach to attack!
You hit the black bear.
The black bear is almost dead.
Your hound barely misses the black bear.
The black bear goes berserk!
The orc wizard hits you with a +0 dagger.
Your cerulean imp closely misses the black bear.
Reach: A) +0 trident
Press: ? - help, Dir - move target, f/p - black bear
Aim: a black bear (almost dead, berserk, ally target, about 32% to evade your +0 trident)
You could not reach far enough!
Your hound barely misses the black bear.
The black bear rages.
The black bear bites your hound. The black bear claws your hound. x2
Your hound dies!
Your hound's corpse disappears in a puff of smoke!
The orc wizard hits you with a +0 dagger.
Your cerulean imp barely misses the black bear.
The orc wizard casts a spell.
The orc wizard flickers and vanishes for a moment.
You hit the black bear.
The black bear is almost dead.
The black bear bites you but does no damage.
The black bear claws you. The black bear misses you.
Your cerulean imp hits the black bear with a -1 spear.
The black bear bites you!
* * * LOW HITPOINT WARNING * * *
The black bear claws you but does no damage. x2
The orc priest invokes the aid of Beogh against you.
Beogh smites you!
You die...
Your body rises from the dead as a mindless zombie.

### ..# # .
#####.##.##..
##$.oo.<.....
####..@##.#..#
........hS?...#
.####..5##.##.....
##.###.# ... #.
#o# # #. #.# #.
#!# .. ..# ###


You could see a black bear (berserk, ally target), an orc priest, an orc wizard
(invisible), an adder and a friendly cerulean imp (summoned).

Vanquished Creatures
  A hound (D:4)
  An iguana (D:5)
  Terence (D:3)
  3 mummies
  6 adders
  6 gnolls
  2 orcs (D:5)
  A bat (D:1)
  2 endoplasms
  A giant cockroach (D:1)
  6 goblins
  5 hobgoblins
  A quokka (D:1)
  2 hobgoblin zombies (Ossuary)
  2 kobolds (D:2)
  2 rats (D:1)
42 creatures vanquished.

Vanquished Creatures (collateral kills)
  Grinder (D:3)
  A water moccasin (D:5)
  2 ogres
  2 phantoms
  A scorpion (D:6)
  A howler monkey (D:5)
  A hound (D:5)
  A jelly (D:4)
  An orc priest (D:3)
  An iguana (D:4)
  Natasha (thrice) (D:3)
  3 orc wizards
  6 mummies (Ossuary)
  Robin (D:3)
  8 gnolls
  11 adders
  A white imp (D:5)
  3 ufetubi (D:5)
  A worm (D:2)
  12 orcs
  5 endoplasms
  2 giant cockroaches
  8 goblins
  10 hobgoblins
  4 jackals (D:3)
  3 quokkas
  6 ball pythons
  A frilled lizard (D:3)
  A gnoll zombie (Ossuary)
  2 hobgoblin zombies (Ossuary)
  5 kobolds
  2 kobold zombies (Ossuary)
  An orc zombie (Ossuary)
111 creatures vanquished.

Vanquished Creatures (others)
  A hound zombie (D:2)
  An adder zombie (D:4)
  A bat zombie (D:2)
  A gnoll zombie (D:4)
  A ball python zombie (D:2)
  An endoplasm zombie (D:4)
  A goblin zombie (D:3)
  2 hobgoblin zombies
  2 jackal zombies (D:3)
  A quokka zombie (D:4)
  2 spectral ufetubi (D:5)
14 creatures vanquished.

Grand Total: 167 creatures vanquished

Notes
Turn   | Place    | Note
-------+----------+-------------------------------------------
     0 | D:1      | themarg the Merfolk Summoner began the quest for the Orb.
     0 | D:1      | Reached XP level 1. HP: 13/13 MP: 3/3
   276 | D:1      | Reached XP level 2. HP: 8/19 MP: 1/5
   279 | D:1      | Learned a level 2 spell: Call Imp
  1523 | D:2      | Found a faded altar of an unknown god.
  1526 | D:2      | Prayed at the altar of an unknown god.
  1526 | D:2      | Became a worshipper of Yredelemnul the Dark
  1526 | D:2      | Reached * piety under Yredelemnul
  1533 | D:2      | Reached XP level 3. HP: 24/24 MP: 3/6
  1610 | D:2      | Reached skill level 5 in Summonings
  1758 | D:2      | Reached XP level 4. HP: 30/30 MP: 3/7
  2446 | D:2      | Learned a level 3 spell: Call Canine Familiar
  2760 | D:3      | Noticed Grinder
  2783 | D:3      | Killed Grinder
  2784 | D:3      | Reached skill level 6 in Summonings
  2784 | D:3      | Reached skill level 1 in Air Magic
  2784 | D:3      | Reached XP level 5. HP: 32/35 MP: 2/8
  2784 | D:3      | Reached XP level 6. HP: 38/41 MP: 2/9
  3105 | D:3      | Noticed Robin
  3128 | D:3      | Killed Robin
  3202 | D:3      | Noticed Terence
  3214 | D:3      | Killed Terence
  3214 | D:3      | Reached ** piety under Yredelemnul
  3534 | D:3      | Reached XP level 7. HP: 46/46 MP: 5/10
  3577 | D:3      | Noticed Natasha
  3582 | D:3      | Killed Natasha
  3627 | D:3      | Found a hazy altar of Hepliaklqana.
  3755 | D:3      | Noticed Natasha
  3761 | D:3      | Killed Natasha
  3869 | D:3      | Noticed Natasha
  3876 | D:3      | Killed Natasha
  4086 | D:3      | Found a hazy altar of Hepliaklqana.
  4809 | D:4      | Reached skill level 7 in Summonings
  5741 | D:4      | Reached *** piety under Yredelemnul
  5789 | D:4      | Reached XP level 8. HP: 21/52 MP: 1/11
  6389 | D:4      | Reached **** piety under Yredelemnul
  6759 | D:4      | Found Emanod's Antique Armour Shoppe.
  6996 | D:5      | Entered Level 5 of the Dungeon
  7086 | D:5      | Reached skill level 5 in Invocations
  7168 | D:5      | Identified the +4 sling of Causality {freeze, +Blink rC-
                  | Int+3}
  7210 | D:5      | Found a sand-covered staircase.
  7221 | D:5      | Reached skill level 8 in Summonings
  7225 | Ossuary  | Entered an ossuary
  8261 | D:5      | Found Lobiefia's General Store.
  8261 | D:5      | Found Teqaw's Armour Shop.
  8466 | D:5      | Found Wixkyod's Magic Scroll Shop.
  8467 | D:5      | Found Xeirghokhu's Jewellery Shop.
  8470 | D:5      | Bought a scroll of teleportation for 42 gold pieces
  8478 | D:5      | Bought a scroll of blinking for 105 gold pieces
  8478 | D:5      | Bought a scroll of amnesia for 56 gold pieces
  8478 | D:5      | Bought a scroll of magic mapping for 105 gold pieces
  8478 | D:5      | Bought a scroll of silence for 133 gold pieces
  8478 | D:5      | Bought a scroll of identify for 28 gold pieces
  8647 | D:5      | Reached skill level 9 in Summonings
  9384 | D:5      | Learned a level 4 spell: Summon Lightning Spire
  9408 | D:6      | Killed from afar by an orc priest

Illustrated notes

Levels and vault maps discovered:
D:1:      spicycebolla_arrival_risky_transporter, layout_loops_ring,
          lemuel_flame_loot_1
D:2:      layout_basic, basic_ecumenical_altar
D:3:      layout_basic, nicolae_overflow_crystal_walls, uniq_terence,
          uniq_natasha, uniq_robin, uniq_grinder
D:4:      layout_gridville, serial_shops, nicolae_shop_waterfront,
          minmay_joined_circles
D:5:      layout_layer_cave, gup_ossuary_entry_pyramid, serial_park_tiny_pond,
          minmay_shop_grid_forest, dreamdust_princess_bridge,
          hangedman_minor_gate_pass
D:6:      layout_loops_ring

Skill      XL: |  1  2  3  4  5  6  7  8 |
---------------+-------------------------+-----
Stealth        | 3 |  3.0
Summonings     | 5 6 7 9 |  9.3
Air Magic      | 1 2 3 4 |  4.0
Invocations    | 2 3 4 5 |  5.0
Dodging        | |  2.6
Spellcasting   | |  2.0

Action                     |  1- 3 |  4- 6 |  7- 9 || total
---------------------------+-------+-------+-------++-------
  Melee: Whip              |    22 |       |       ||    22
         Short sword       |       |    16 |       ||    16
         Punch             |       |     1 |     2 ||     3
         Halberd           |       |    17 |       ||    17
         Dagger            |       |     9 |       ||     9
         Trident           |       |     7 |   177 ||   184
  Throw: Dart              |       |       |     1 ||     1
   Cast: Summon Small Mamm |    29 |    12 |     9 ||    50
         Call Imp          |    10 |    18 |    25 ||    53
         Call Canine Famil |       |    12 |    32 ||    44
 Invoke: Dark Bargain      |       |       |     2 ||     2
  Evoke: Wand              |       |     1 |       ||     1
    Use: Scroll            |       |       |     7 ||     7
   Stab: Sleeping          |       |     1 |       ||     1
         Distracted        |       |       |     3 ||     3
 Armour: Robe              |     3 |     6 |    47 ||    56
  Dodge: Dodged            |    12 |    24 |   127 ||   163

Table legend: (Time is in decaauts)
 A = Elapsed time spent in this place.
 B = Non-inter-level travel time spent in this place.
 C = Inter-level travel time spent in this place.
 D = Time resting spent in this place.
 E = Time spent auto-exploring this place.
 F = Levels seen in this place.
 G = Mean time per level.
                   A        B        C        D        E       F      G
               +--------+--------+--------+--------+--------+-----+--------+
         Total |   9490 |   9243 |    247 |   2792 |   4650 |   7 | 1355.7 |
       Dungeon |   9258 |   9011 |    247 |   2752 |   4650 |   6 | 1543.0 |
       Ossuary |    232 |    232 |      0 |     40 |      0 |   1 |  232.0 |
               +--------+--------+--------+--------+--------+-----+--------+

Top non-repeatable levels by time:
     D:4: 2376 daAuts
     D:5: 2186 daAuts
     D:3: 2055 daAuts
     D:1: 1364 daAuts
     D:2: 1249 daAuts
 Ossuary: 232 daAuts
     D:6: 25 daAuts
